 Dungeon Sprint DCSS version 0.21.2-30-ge24ae72 (console) character file.

3332 hilarita the Carver (level 10, 0/58 HPs)
             Began as a Vine Stalker Fighter on Nov 11, 2018.
             Was a High Priest of Uskayaw.
             Slain by a black mamba (3 damage)
             ... in the Dungeon (Sprint IX: "|||||||||||||||||||||||||||||").
             The game lasted 00:03:32 (382 turns).

hilarita the Carver (Vine Stalker Fighter)           Turns: 382, Time: 00:03:32

Health: 0/58       AC: 11    Str: 25    XL:     10   Next: 2%
Magic:  0/18       EV:  9    Int: 11    God:    Uskayaw [*****.]
Gold:   0          SH: 12    Dex: 14    Spells: 9/9 levels left

rFire    . . .     SeeInvis .   p - +2 scimitar (holy)
rCold    . . .     Gourm    .   c - +0 shield
rNeg     . . .     Faith    .   s - +2 ring mail
rPois    .         Spirit   +   r - +0 helmet
rElec    .         Reflect  .   (no cloak)
rCorr    .         Harm     .   q - +0 pair of gloves
MR       +....     NoTele   +   (no boots)
Stlth    +.........             (no amulet)
HPRegen  0.59/turn              b - +3 ring of strength
MPRegen  0.16/turn              t - +3 ring of intelligence

@: no status effects
A: fangs 3, regeneration 1, magic shield, antimagic bite, no potion heal 3, rot
immunity
a: Stomp, Line Pass, Grand Finale, Renounce Religion


You were in the Dungeon.
You worshipped Uskayaw.
Uskayaw was aware of your devotion.
You were not hungry.

You visited 1 branch

Inventory:

Hand Weapons
 a - a +0 long sword
 p - a +2 scimitar of holy wrath (weapon)
Armour
 c - a +0 shield (worn)
 q - a +0 pair of gloves (worn)
 r - a +0 helmet (worn)
 s - a +2 ring mail (worn)
Jewellery
 b - a +3 ring of strength (left hand)
 t - a +3 ring of intelligence (right hand)
Wands
 o - a wand of acid (6)
Scrolls
 g - 6 scrolls of remove curse
 k - 2 scrolls of blinking
 n - 2 scrolls of amnesia
 v - a scroll of fear
 w - 2 scrolls of enchant weapon
Potions
 d - 2 potions of might
 e - 7 potions of curing
 h - a potion of haste
 i - 4 potions of magic
 j - 3 potions of agility
 m - a potion of invisibility
Comestibles
 f - a bread ration
 l - 4 chunks of flesh
 u - 3 fruits


   Skills:
 + Level 9.3 Fighting
 - Level 10.7 Long Blades
 + Level 8.6 Armour
 + Level 9.6 Shields
 * Level 10.2 Invocations


You had 9 spell levels left.
You didn't know any spells.

Dungeon Overview and Level Annotations

Branches:
Dungeon (1/1)

Altars:
Cheibriados
Dithmenos
Elyvilon
Fedhas
Gozag
Hepliaklqana
Kikubaaqudgha
Makhleb
Nemelex Xobeh
Okawaru
Qazlal
Ru
Sif Muna
Trog
Uskayaw
Vehumet
Wu Jian
Xom
Yredelemnul
Zin
The Shining One
Beogh
Jiyva
Lugonu


Innate Abilities, Weirdness & Mutations

You have razor-sharp teeth.
Your natural rate of healing is unusually fast.
When hurt, damage is shared between your health and your magic reserves.
Your bite disrupts and absorbs the magic of your enemies.
Potions cannot restore your health.
You are immune to rotting.


Message History

The bolt of acid misses the black mamba.
Unknown command.
The black mamba bites you! You block the black mamba's attack.
There is an open door to the Lair, spattered with blood here.
Things that are here:
a hydra corpse; a water moccasin corpse You hit the black mamba but do no damage.
Your bite misses the black mamba.
The black mamba is heavily wounded.
The black mamba bites you!
* * * LOW HITPOINT WARNING * * *
You are lethally poisoned!
The black mamba poisons you!
The black mamba bites you but does no damage.
Your system rejects the healing.
You feel better.
The black mamba is no longer sharing its pain.
The black mamba bites you.
* * * LOW HITPOINT WARNING * * *
The black mamba bites you.
You die...

▓.▓_▓
▓.▓_▓
▓.▓_▓
▓.▓.▓_▓
▓.▓.▓_▓
▓.▓.▓_▓
▓.▓.▓_▓
▓r▓.▓_▓
▓S▓.▓_▓
▓S▓.▓_▓
▓@▓.▓_▓
▓.▓.▓_▓
▓.▓.▓_▓
▓.▓.▓_▓
▓.▓.▓_▓
▓.▓.▓'▓
▓.▓.▓.▓
▓)▓.▓.▓
▓)▓.▓.▓
▓.▓.▓.▓
▓.▓.▓.▓


You could see 2 black mambas and a porcupine.

Vanquished Creatures
  A hydra (D)
  2 two-headed ogres (D)
  2 trolls (D)
  A basilisk (D)
  A water moccasin (D)
  A porcupine (D)
  2 sky beasts (D)
  An ice beast (D)
  A phantom (D)
  A centaur (D)
  2 bullfrogs (D)
  A wight (D)
  A shadow imp (D)
  2 adder skeletons (D)
  A leopard gecko (D)
  3 orcs (D)
  2 goblins (D)
  A jackal (D)
  A frilled lizard (D)
  A rat (D)
28 creatures vanquished.

Vanquished Creatures (others)
  A spatial maelstrom (D)
1 creature vanquished.

Grand Total: 29 creatures vanquished

Notes
Turn   | Place    | Note
-------+----------+-------------------------------------------
     0 | D        | hilarita the Vine Stalker Fighter began the quest for the Orb.
     0 | D        | Reached XP level 1. HP: 11/11 MP: 2/2
    11 | D        | Banished a spatial maelstrom
    21 | D        | Noticed a sky beast
    28 | D        | Reached XP level 2. HP: 16/16 MP: 3/3
    39 | D        | Killed a sky beast
    39 | D        | Reached skill level 5 in Long Blades
    39 | D        | Reached XP level 3. HP: 21/21 MP: 4/4
    39 | D        | Gained mutation: Your natural rate of healing is unusually fast. [Vine Stalker growth]
    39 | D        | Reached XP level 4. HP: 26/26 MP: 5/5
    57 | D        | Found a roughly hewn altar of Beogh.
    57 | D        | Found a snail-covered altar of Cheibriados.
    57 | D        | Found a shadowy altar of Dithmenos.
    57 | D        | Found a white marble altar of Elyvilon.
    57 | D        | Found a blossoming altar of Fedhas.
    57 | D        | Found an opulent altar of Gozag.
    58 | D        | Found a hazy altar of Hepliaklqana.
    59 | D        | Found a viscous altar of Jiyva.
    60 | D        | Found an ancient bone altar of Kikubaaqudgha.
    61 | D        | Found a corrupted altar of Lugonu.
    62 | D        | Found a burning altar of Makhleb.
    63 | D        | Found a sparkling altar of Nemelex Xobeh.
    64 | D        | Found an iron altar of Okawaru.
    65 | D        | Found a stormy altar of Qazlal.
    66 | D        | Found a sacrificial altar of Ru.
    67 | D        | Found a deep blue altar of Sif Muna.
    68 | D        | Found a bloodstained altar of Trog.
    69 | D        | Found a hide-covered altar of Uskayaw.
    70 | D        | Found a radiant altar of Vehumet.
    71 | D        | Found an ornate altar of the Wu Jian Council.
    72 | D        | Found a shimmering altar of Xom.
    73 | D        | Found a basalt altar of Yredelemnul.
    74 | D        | Found a glowing silver altar of Zin.
    75 | D        | Found a glowing golden altar of the Shining One.
    77 | D        | Became a worshipper of Uskayaw the Reveler
   129 | D        | Noticed a phantom
   129 | D        | Noticed a two-headed ogre
   129 | D        | Noticed an ice beast
   129 | D        | Noticed a two-headed ogre
   129 | D        | Noticed a sky beast
   132 | D        | Reached * piety under Uskayaw
   133 | D        | Killed a sky beast
   133 | D        | Reached skill level 5 in Fighting
   133 | D        | Reached skill level 5 in Shields
   133 | D        | Reached XP level 5. HP: 30/30 MP: 5/7
   133 | D        | Reached ** piety under Uskayaw
   135 | D        | Reached *** piety under Uskayaw
   138 | D        | Reached **** piety under Uskayaw
   139 | D        | Killed a two-headed ogre
   139 | D        | Reached skill level 5 in Invocations
   139 | D        | Reached XP level 6. HP: 22/37 MP: 7/11
   139 | D        | Reached XP level 7. HP: 24/41 MP: 7/12
   144 | D        | Reached ***** piety under Uskayaw
   145 | D        | Gained mutation: You have razor-sharp teeth. [Vine Stalker growth]
   145 | D        | Reached XP level 8. HP: 30/46 MP: 13/13
   149 | D        | HP: 4/46 [two-headed ogre/giant spiked club (7)]
   149 | D        | Reached ****** piety under Uskayaw
   150 | D        | Killed a two-headed ogre
   150 | D        | Reached skill level 10 in Long Blades
   220 | D        | Noticed a troll
   220 | D        | Noticed a troll
   222 | D        | Reached XP level 9. HP: 51/51 MP: 15/15
   228 | D        | Killed a troll
   238 | D        | Killed a troll
   344 | D        | Found the +6 Majin-Bo {vamp, Archmagi MP+6 Int+6}
   367 | D        | Noticed a seven-headed hydra
   372 | D        | Noticed a black mamba
   378 | D        | Noticed a black mamba
   379 | D        | Killed a seven-headed hydra
   379 | D        | Reached skill level 10 in Invocations
   379 | D        | Reached XP level 10. HP: 24/58 MP: 9/18
   382 | D        | HP: 3/58 [black mamba (4)]
   382 | D        | Slain by a black mamba

Skill      XL: |  1  2  3  4  5  6  7  8  9 |
---------------+----------------------------+-----
Long Blades    | 2 5 6 9 10 | 10.7
Fighting       | 3 4 5 6 7 8 9 |  9.3
Shields        | 3 4 5 7 8 9 |  9.6
Armour         | 4 6 7 8 |  8.6
Invocations    | 2 5 7 10 | 10.2

Action                   |  1- 3 |  4- 6 |  7- 9 | 10-12 || total
-------------------------+-------+-------+-------+-------++-------
Melee: Long sword        |    27 |     9 |       |       ||    36
       Bite              |     8 |     9 |    13 |       ||    30
       Scimitar          |       |     8 |    37 |     1 ||    46
Evoke: Wand              |       |       |     3 |     1 ||     4
  Use: Potion            |       |     1 |       |     1 ||     2
 Stab: Paralysed         |       |     1 |     4 |       ||     5
Armor: Scale mail        |    16 |     2 |       |       ||    18
       Ring mail         |       |     2 |    10 |     1 ||    13
Dodge: Dodged            |     5 |     3 |    21 |       ||    29
Block: Shield            |    10 |     5 |    21 |     1 ||    37
       Rpst.: Long sword |       |     1 |       |       ||     1
       Scimitar          |       |       |     4 |       ||     4
